 Dungeon Crawl Stone Soup version 0.28-a0-722-gc0678643b6 (webtiles) character file.

Game seed: 2072820754418343296

14 KristoblXynda the Ducker (level 2, 22/22 HPs)
             Began as a Vampire Gladiator on Oct 22, 2021.
             Safely got out of the dungeon.
             The game lasted 00:02:37 (984 turns).

KristoblXynda the Ducker (Vampire Gladiator)         Turns: 984, Time: 00:02:37

Health: 22/22      AC:  4    Str: 13    XL:     2   Next: 31%
Magic:  2/2        EV: 13    Int: 10    God:
Gold:   44         SH:  0    Dex: 15    Spells: 1/1 levels left

rFire   . . .      SeeInvis +   a - +0 long sword
rCold   + . .      Faith    .   (no shield)
rNeg    . . .      Spirit   .   b - +0 leather armour
rPois   .          Reflect  .   c - +0 helmet
rElec   .          Harm     .   (no cloak)
rCorr   .          Rampage  .   (no gloves)
Will    .....                   (no boots)
Stlth   +.........              (no amulet)
HPRegen 0.27/turn               f - ring of protection from cold
MPRegen 0.08/turn               (no ring)

@: healing quickly
A: alive, fangs 3, see invisible, vampiric 1
a: Exsanguinate


You escaped.
You visited 1 branch of the dungeon, and saw 1 of its levels.

You collected 44 gold pieces.

Inventory:

Hand Weapons
 a - a +0 long sword (weapon)
Missiles
 d - 3 throwing nets (quivered)
Armour
 b - a +0 leather armour (worn)
 c - a +0 helmet (worn)
Jewellery
 f - a ring of protection from cold (left hand)
Scrolls
 e - a scroll of fear {unknown}
Potions
 g - a potion of flight {unknown}


   Skills:
 + Level 2.0 Fighting
 + Level 3.2 Long Blades
 + Level 1.8 Throwing
 + Level 3.5 Dodging


You had one spell level left.
You didn't know any spells.
Your spell library was empty.

Dungeon Overview and Level Annotations

Branches:
Dungeon (1/15)

Altars:

Shops:
D:1 =


Innate Abilities, Weirdness & Mutations

Your natural rate of healing is accelerated.
You have razor-sharp teeth.
You have supernaturally acute eyesight. (SInv)
You are afflicted with vampirism.


Message History

The goblin shouts!
The goblin hits you with a +0 dagger.
You slash the goblin!
You kill the goblin!
No target in view!
No target in view!
No target in view!
No target in view!
No target in view!
No target in view!
No target in view!
No target in view!
No target in view!
No target in view!
No target in view!
No target in view!
No target in view!
No target in view!
No target in view!
No target in view!
No target in view!
No target in view!
No target in view!
No target in view!
No target in view!
No target in view!
No target in view!
Unknown command.
Things that are here:
a +0 dagger; a goblin corpse Welcome back, KristoblXynda the Vampire Gladiator.
Press ? for a list of commands and other information.
Welcome back, KristoblXynda the Vampire Gladiator.
Press ? for a list of commands and other information.
Things that are here:
a +0 dagger; a goblin corpse HP restored.
There is a staircase leading out of the dungeon here.
Are you sure you want to leave the Dungeon?
This will make you lose the game!
You have escaped!

### #######.######### ..... .
#.............#..#.#####
.#...............#.#.#####
##.......#.#.......##.#....
#######......#.#.#.#......#)#
###
......#.....##.#.#.##.....#.#
#####.#..... . #.#⌠. .....#.#
### #.#..#######.#######..#.#
..
#...........@...........#####
#.#..#######.#######..#......
#.#.......⌠#.#⌠.......###..##
#.#.....##.#.#.##.....# #..##
#.#......#.#.#.#......###..##
..##..(....#.#.......##......
..#.#...............#.#.#.##.
..#..#.............#..#......
...##########.##########......


There were no monsters in sight!

Vanquished Creatures
  A dart slug (D:1)
  2 goblins (D:1)
  2 hobgoblins (D:1)
  A kobold (D:1)
  A ball python (D:1)
  2 bats (D:1)
  4 rats (D:1)
13 creatures vanquished.

Notes
Turn   | Place    | Note
-------+----------+-------------------------------------------
     0 | D:1      | KristoblXynda the Vampire Gladiator began the quest for the
                  | Orb.
     0 | D:1      | Reached XP level 1. HP: 16/16 MP: 1/1
    12 | D:1      | Found Gumaab's Jewellery Boutique.
   259 | D:1      | Found a faded altar of an unknown god.
   367 | D:1      | Reached XP level 2. HP: 9/22 MP: 2/2
   952 | D:1      | Upgraded the game from 0.28-a0-695-gff097466f2 to
                  | 0.28-a0-722-gc0678643b6
   984 | D:$      | Safely got out of the dungeon.

Illustrated notes

Levels and vault maps discovered:
D:1:      matt_arrival_grand_opening, layout_basic,
          shapermc_ecumenical_altar_starsandcircs, serial_shops, shop_fountains,
          corner_web_ring

Skill      XL: |  1 |
---------------+----+-----
Fighting       | 2 |  2.0
Long Blades    | |  3.2
Throwing       | |  1.8
Dodging        | |  3.5

Action                   || total
-------------------------++-------
Melee: Long sword        ||    45
       Bite              ||     2
Armor: Leather armour    ||    14
Dodge: Dodged            ||    40

Table legend: (Time is in decaauts)
 A = Elapsed time spent in this place.
 B = Non-inter-level travel time spent in this place.
 C = Inter-level travel time spent in this place.
 D = Time resting spent in this place.
 E = Time spent auto-exploring this place.
 F = Levels seen in this place.
 G = Mean time per level.
                   A        B        C        D        E       F      G
               +--------+--------+--------+--------+--------+-----+--------+
         Total |    995 |    964 |     31 |    445 |    399 |   1 |  995.0 |
       Dungeon |    995 |    964 |     31 |    445 |    399 |   1 |  995.0 |
               +--------+--------+--------+--------+--------+-----+--------+

Top non-repeatable levels by time:
     D:1: 995 daAuts
